Selects Italian Combined Arms Battlegroup
Selects Italian Combined Arms Battlegroup
Selects Italian Combined Arms Battlegroup
Selects Bersaglieri Squad
Construct Light Support Kompanie
Selects Bersaglieri Bolster
Selects Breda Model 30 Light Machine Guns
Panzerjäger Mechanized Group
Construct Mechanized Kompanie
Selects Semovente da 75/18 Assault Gun
Marder III Tank Destroyer
Marder III Tank Destroyer
254 Reconnaissance Tractor
18-tonne Recovery Half-track
Marder III Tank Destroyer
18-tonne Recovery Half-track
Marder III Tank Destroyer
Marder III Tank Destroyer
18-tonne Recovery Half-track
Marder III Tank Destroyer
18-tonne Recovery Half-track